 Dungeon Crawl Stone Soup version 0.27.1-15-g792fb953b9 (webtiles) character file.

Game seed: 17569395409771258601

1596 BreadTh the Fighter (level 9, -2/71 HPs)
             Began as a Djinni Ice Elementalist on Nov 19, 2021.
             Slain by a troll (8 damage)
             ... on level 6 of the Dungeon.
             The game lasted 00:28:53 (7392 turns).

BreadTh the Fighter (Djinni Ice Elementalist)       Turns: 7392, Time: 00:28:53

Health: -2/71      AC:  4    Str:  7    XL:     9   Next: 15%
Gold:   193        EV: 13    Int: 17    God:
                   SH:  0    Dex: 17

rFire    + + .     SeeInvis .   s - staff of cold
rCold    . . .     Faith    .   (no shield)
rNeg     . . .     Spirit   .   a - +0 robe
rPois    ∞         Reflect  .   e - +1 helmet
rElec    .         Harm     .   (no cloak)
rCorr    .         Rampage  .   (no gloves)
Will     .....                  (boots unavailable)
Stlth    ++........             (no amulet)
HPRegen  0.21/turn              (no ring)
MPRegen  0.00/turn              (no ring)

@: flying
A: sickness immunity, fire resistance 2, cold vulnerability 1, float, innate
caster, hp casting, extra vitality 1
a: no special abilities


You were on level 6 of the Dungeon.
You visited 1 branch of the dungeon, and saw 6 of its levels.

You collected 193 gold pieces.

Inventory:

Hand Weapons
 d - a +1 dagger of venom
 k - a +1 vorpal hand axe
 q - a +0 scimitar of freezing
 w - a +2 dagger of electrocution
Missiles
 i - 21 poisoned darts
 l - 5 javelins
 y - 7 boomerangs of dispersal
Armour
 a - a +0 robe (worn)
 e - a +1 helmet (worn)
 g - a +0 kite shield
Magical Staves
 s - a staff of cold (weapon)
Jewellery
 A - a ring of wizardry
Wands
 n - a wand of charming (10)
Scrolls
 b - 3 scrolls of teleportation {unknown}
 c - 4 scrolls of blinking {unknown}
 f - a scroll of magic mapping {unknown}
 h - a scroll of vulnerability {unknown}
 m - a scroll of enchant weapon {unknown}
 o - a scroll of torment {unknown}
 r - 2 scrolls of identify {unknown}
 u - a scroll of noise {unknown}
 x - a scroll of enchant armour {unknown}
Potions
 j - 2 potions of curing {unknown}
 p - a potion of flight {unknown}
 t - a potion of might
 v - a potion of berserk rage {unknown}
 z - a potion of attraction {unknown}


   Skills:
 * Level 8.7 Fighting
 - Level 3.0 Dodging
 - Level 2.0 Stealth
 + Level 5.7 Spellcasting


You couldn't memorise any spells.
You knew the following spells:

 Your Spells              Type           Power      Damage    Failure   Level
a - Freeze                Ice            100%       1d11      1%          1
b - Frozen Ramparts       Ice            72%        1d9       3%          3
c - Ozocubu's Armour      Ice            36%        N/A       3%          3
d - Hailstorm             Conj/Ice       36%        3d9       13%         4
e - Apportation           Tloc           48%        N/A       1%          1
f - Blink                 Tloc           N/A        N/A       1%          2
g - Confusing Touch       Hex            24%        N/A       3%          3
h - Animate Dead          Necr           12%        N/A       13%         4
Your spell library was empty.

Dungeon Overview and Level Annotations

Branches:
Dungeon (6/15)
 Temple: D:4-7

Altars:
Kikubaaqudgha
Ru
Uskayaw
Wu Jian
Xom


Innate Abilities, Weirdness & Mutations

You are immune to sickness and miasma.
You are immune to poison.
Your flesh is very heat resistant. (rF++)
You are vulnerable to cold. (rC-)
You float through the air rather than walking.
You learn spells naturally, not from books.
Your magical power is your life essence.
You have superior vitality. (+4 HP)


Message History

You feel a surge of power!
The walls around you are covered in ice.
The wall freezes the yak.
The yak misses you.
The wall freezes the troll.
Casting: Frozen Ramparts (dangerous; 3% risk of failure)
Confirm with . or Enter, or press ? or * to list all spells.
Your icy armour and frozen ramparts will break if you move.
Continue?
Okay, then.
Casting: Blink (safe; 1% risk of failure)
Confirm with . or Enter, or press ? or * to list all spells.
Your hands begin to glow red.
The wall freezes the yak.
The yak gores you but does no damage.
The wall freezes the troll!
The troll barely misses you. The troll claws you! x2
You hit the troll but do no damage.
The troll is moderately wounded.
The wall freezes the yak!
The yak gores you but does no damage.
The wall freezes the troll.
The troll bites you. The troll claws you. x2
The wall freezes the yak.
The yak barely misses you.
You hit the troll but do no damage.
The troll is moderately wounded.
The wall freezes the troll.
The troll closely misses you. The troll claws you. x2
* * * LOW HITPOINT WARNING * * *
The wall freezes the yak.
The yak gores you but does no damage.
Unknown command.
Your icy armour and frozen ramparts will break if you move.
Continue? [Y]es or [N]o only, please.
Your icy armour and frozen ramparts will break if you move.
Continue?
Your icy armour cracks and falls away as you move.
The frozen ramparts melt away as you move.
Your hands stop glowing.
You see here a +0 giant spiked club.
Your magical contamination has completely faded away.
There is a stone staircase leading up here.
Casting: Confusing Touch (dangerous; 3% risk of failure)
Confirm with . or Enter, or press ? or * to list all spells.
You don't know that spell.
Unknown command.
The troll bites you!
* * * LOW HITPOINT WARNING * * *
The troll completely misses you. The troll claws you!
You die...

........######≈
#.............'[
#.............'.
#.#####......##≈
##.#...#......##≈
#..#((.#......##≈
+.#####^.....'##
###.........[..'##
#@#..._...........
#T#..).......#....
#Y#Y#.#......#....
#.#.#........#....
#...###......#....
##### #......#....
+......+####
#......# #......#


You could see a yak and a troll.

Vanquished Creatures
  The ghost of Tzialkovskiy the Chopper, a novice HOFi (D:5)
  A water moccasin (D:5)
  An ice beast (D:5)
  A centaur (D:5)
  2 ogres
  Blork the orc (D:4)
  2 scorpions
  An orc priest (D:2)
  4 hounds
  2 jellies
  3 bullfrog skeletons (D:5)
  4 iguanas
  A scorpion zombie (D:5)
  An orc wizard (D:2)
  4 gnolls (D:5)
  4 adders
  An ufetubus (D:6)
  2 adder skeletons (D:4)
  2 dart slugs (D:4)
  14 orcs
  2 ball pythons
  3 endoplasms
  3 giant cockroaches
  8 goblins
  11 hobgoblins
  13 jackals
  5 bats
  7 frilled lizards
  15 kobolds
  7 rats
  A spectral kobold (D:1)
127 creatures vanquished.

Notes
Turn   | Place    | Note
-------+----------+-------------------------------------------
     0 | D:1      | BreadTh the Djinni Ice Elementalist began the quest for the
                  | Orb.
     0 | D:1      | Reached XP level 1. HP: 15/15 MP: 0/0
   306 | D:1      | Found a faded altar of an unknown god.
   461 | D:1      | Reached XP level 2. HP: 17/22 MP: 0/0
   584 | D:1      | Reached skill level 1 in Fighting
  1049 | D:1      | Reached XP level 3. HP: 24/27 MP: 0/0
  1049 | D:1      | Learned a level 1 spell: Apportation
  1637 | D:2      | Reached skill level 2 in Fighting
  1637 | D:2      | Reached XP level 4. HP: 25/33 MP: 0/0
  1949 | D:2      | Reached XP level 5. HP: 25/39 MP: 0/0
  1949 | D:2      | Learned a level 2 spell: Blink
  2736 | D:3      | Reached skill level 3 in Fighting
  3515 | D:4      | Reached skill level 4 in Fighting
  3515 | D:4      | Reached XP level 6. HP: 42/47 MP: 0/0
  3632 | D:4      | Noticed Blork the orc
  3649 | D:4      | Killed Blork the orc
  3695 | D:4      | HP: 2/49 [adder skeleton (3)]
  4073 | D:4      | Reached XP level 7. HP: 39/53 MP: 0/0
  4073 | D:4      | Learned a level 3 spell: Confusing Touch
  4078 | D:4      | Reached skill level 5 in Fighting
  4901 | D:5      | Entered Level 5 of the Dungeon
  5304 | D:5      | Reached skill level 6 in Fighting
  5646 | D:5      | Noticed a water moccasin
  5947 | D:5      | Found a runed translucent gate.
  5947 | D:5      | Found a runed translucent gate.
  5947 | D:5      | Found a runed translucent gate.
  5947 | D:5      | Noticed Tzialkovskiy's ghost (novice HOFi)
  5954 | D:5      | Killed a water moccasin
  5955 | D:5      | Reached XP level 8. HP: 48/62 MP: 0/0
  5960 | D:5      | Reached skill level 7 in Fighting
  5960 | D:5      | Reached skill level 5 in Spellcasting
  6132 | D:5      | Found a shimmering altar of Xom.
  6428 | D:5      | Found an ornate altar of the Wu Jian Council.
  6430 | D:5      | Found a sacrificial altar of Ru.
  6920 | D:5      | Killed Tzialkovskiy's ghost
  6921 | D:5      | Reached skill level 8 in Fighting
  6921 | D:5      | Reached XP level 9. HP: 33/71 MP: 0/0
  6921 | D:5      | Learned a level 4 spell: Animate Dead
  7278 | D:6      | Noticed a +0 hand axe
  7278 | D:6      | Noticed a +0 hand axe
  7280 | D:6      | Found a hide-covered altar of Uskayaw.
  7359 | D:6      | Noticed a troll
  7392 | D:6      | Slain by a troll

Illustrated notes

Levels and vault maps discovered:
D:1:      evilmike_arrival_home_sweet_home, layout_basic, serial_glass,
          glass_columns_b, glass_columns_a, glass_columns_a, glass_columns_a,
          dreamdust_ecumenical_altar_drowned_temple
D:2:      cheibrodos_pilgrimage, layout_basic, kennysheep_crisscross
D:3:      layout_loops_ring
D:4:      corexii_shack_village, layout_cave_pools, uniq_blork_the_orc
D:5:      layout_basic, nicolae_overflow_hidden_temple,
          gammafunk_temple_overflow_forgotten, gammafunk_ghost_necromancy
D:6:      kennysheep_big_flooded_room, layout_basic, lemuel_round_altar,
          dancing_weapons_uskayaw, minmay_temple_entry_ruins,
          hangedman_glass_garden, lightli_orcish_oven

Skill      XL: |  1  2  3  4  5  6  7  8 |
---------------+-------------------------+-----
Fighting       | 1 2 4 6 8 |  8.7
Stealth        | 2 |  2.0
Dodging        | 3 |  3.0
Spellcasting   | 4 5 |  5.7

Action                   |  1- 3 |  4- 6 |  7- 9 || total
-------------------------+-------+-------+-------++-------
Melee: Dagger            |    25 |   127 |    92 ||   244
       Hand axe          |       |     3 |    25 ||    28
       Staff             |       |       |    16 ||    16
 Cast: Freeze            |    34 |    25 |    28 ||    87
       Frozen Ramparts   |     1 |     1 |    11 ||    13
       Ozocubu's Armour  |       |     1 |     7 ||     8
       Confusing Touch   |       |       |     7 ||     7
       Blink             |       |       |     1 ||     1
       Hailstorm         |       |       |     4 ||     4
 Stab: Sleeping          |       |     5 |     3 ||     8
       Distracted        |       |     2 |       ||     2
       Confused          |       |       |     4 ||     4
Armor: Robe              |    11 |    42 |    42 ||    95
Dodge: Dodged            |    32 |   104 |   109 ||   245
